 Dungeon Crawl Stone Soup version 0.31-a0-180-g519b7de00c (webtiles) character file.

Game seed: 9578997458066268656

565 qw the Chopper (level 7, -10/43 HPs)
             Began as a Gargoyle Fighter on June 19, 2023.
             Was an Initiate of Okawaru.
             Mangled by Edmund
             ... wielding a +2 heavy flail
              (18 damage)
             ... on level 5 of the Dungeon.
             The game lasted 00:01:49 (3466 turns).

qw the Chopper (Gargoyle Fighter)                   Turns: 3466, Time: 00:01:49

Health: -10/43     AC: 19    Str: 21    XL:     7   Next: 32%
Magic:  7/7        EV:  6    Int:  9    God:    Okawaru [......]
Gold:   68         SH:  4    Dex:  9    Spells: 6/6 levels left

rFire   . . .        Y - +0 war axe
rCold   . . .        c - +0 buckler
rNeg    + . .        e - +0 plate armour
rPois   inf          l - +1 helmet
rElec   +            (no cloak)
rCorr   .            (no gloves)
SInv    .            (no boots)
Will    .....        (no amulet) Stlth
                     (no ring)
HPRegen 0.27/turn    (no ring)
MPRegen 0.10/turn

%: no passive effects
@: about to teleport
A: sickness immunity, AC +4, negative energy resistance 1, electricity
resistance, torment resistance 1, petrification resistance
a: Renounce Religion


You were on level 5 of the Dungeon.
You worshipped Okawaru.
Okawaru was noncommittal.
You visited 1 branch of the dungeon, and saw 5 of its levels.

You collected 315 gold pieces.
You spent 247 gold pieces at shops.


Innate Abilities, Weirdness & Mutations

You are immune to sickness and miasma.
Your stone body is resilient. (AC +4)
You are immune to poison.
You resist negative energy. (rN+)
You are resistant to electric shocks. (rElec)
You are resistant to unholy torment.
You are immune to petrification.


   Skills:
 - Level 4.1 Fighting
 + Level 6.3 Axes
 - Level 4.4 Armour
 - Level 3.2 Shields


You had 6 spell levels left.
You didn't know any spells.
Your spell library was empty.

Inventory:

Hand Weapons
 b - a +1 morningstar of draining
 h - a +3 flail
 Y - a +0 war axe (weapon)
Armour
 c - a +0 buckler (worn)
 e - a +0 plate armour (worn)
 l - a +1 helmet (worn)
Jewellery
 m - a ring of ice
Scrolls
 a - a scroll of identify
Potions
 d - a potion of might
 g - a potion of heal wounds {unknown}
 i - a potion of curing
 j - a potion of cancellation {unknown}
 k - a potion of haste
 n - a potion of resistance {unknown}

Dungeon Overview and Level Annotations

Branches:
Dungeon (5/15)
 Temple: D:4-7

Altars:
Nemelex Xobeh
Okawaru

Shops:
D:4 [:

Annotations:
D:5 Edmund


Message History

The centaur is heavily wounded.
The centaur hits you. The centaur barely misses you.
The centaur hits you but does no damage.
The centaur kicks you but does no damage.
You hit the centaur.
The centaur is heavily wounded.
You hit Edmund but do no damage. The centaur hits you.
The centaur kicks you but does no damage.
Edmund drinks a potion.
Edmund seems to grow stronger.
The centaur hits you but does no damage.
The centaur kicks you. Edmund hits you but does no damage.
You barely miss the centaur.
The centaur is heavily wounded.
You slash Edmund!
The centaur hits you but does no damage.
The centaur kicks you but does no damage.
The centaur hits you but does no damage.
The centaur kicks you but does no damage.
You barely miss the centaur.
The centaur is heavily wounded.
You closely miss Edmund. Edmund hits you with a +2 heavy flail!
The centaur hits you but does no damage.
The centaur kicks you but does no damage.
The centaur barely misses you. You block the centaur's attack.
You slash the centaur!
You kill the centaur!
Okawaru accepts your kill.
You barely miss Edmund. Edmund hits you with a +2 heavy flail!
Your Armour skill increases to level 4!
3465 ||| READING scroll of teleportation.
As you read the scroll of teleportation, it crumbles to dust.
You feel strangely unstable. Edmund barely misses you.
You closely miss Edmund.
Edmund is lightly wounded.
Edmund hits you with a +2 heavy flail!!
You die...

... #. ...###o
....... .......
~~..... ~~~~... .#
~~~~~..#########.#
.....?.@##..)<)..#
~~~~~.#)@...))####
~~~~~ ####.##..#####
~~~~..####..........#
~~..................#
.. ....##...........#
. .. #...#.........#
#...###.........#
..... ###########
.###


You could see Edmund (strong).

Vanquished Creatures
  A black bear (D:4)
  A centaur (D:5)
  A phantom (D:4)
  A vampire bat (D:3)
  A hound (D:4)
  An iguana (D:3)
  Ijyb (D:3)
  An orc wizard (D:5)
  4 gnolls (D:2)
  5 adders
  A worm (D:3)
  3 dart slugs
  12 orcs
  6 endoplasms
  2 giant cockroaches
  4 goblins
  4 hobgoblins
  8 jackals
  4 kobolds
  4 quokkas
  2 ball pythons (D:1)
  11 bats
  5 frilled lizards
  9 rats
92 creatures vanquished.

Notes
Turn   | Place    | Note
-------+----------+-------------------------------------------
     0 | D:1      | qw the Gargoyle Fighter began the quest for the Orb.
     0 | D:1      | Reached XP level 1. HP: 14/14 MP: 1/1
     0 | D:1      | 0 ||| qw: Version: 0.3-a-7-ge0c9b40
     0 | D:1      | 0 ||| qw: Game counter: 1045
     0 | D:1      | 0 ||| qw: Always use a shield: true
     0 | D:1      | 0 ||| qw: God list: Okawaru
     0 | D:1      | 0 ||| qw: Allow faded altars: false
     0 | D:1      | 0 ||| qw: Do Orc after D:15 true
     0 | D:1      | 0 ||| qw: Do second Lair branch before Depths: true
     0 | D:1      | 0 ||| qw: Lair rune preference: random
     0 | D:1      | 0 ||| qw: Plans: Normal, Zot:1-4, Slime:5, God:TSO, Crypt,
                  | Tomb, Abyss, Pan, Hells, Win
     0 | D:1      | 0 ||| PLANNING D:1-11
    39 | D:1      | Reached skill level 2 in Axes
    45 | D:1      | Reached XP level 2. HP: 12/19 MP: 2/2
   199 | D:1      | 199 ||| DROPPING +0 club.
   367 | D:1      | Reached skill level 3 in Axes
   509 | D:1      | 509 ||| UPGRADING to +0 plate armour.
   519 | D:1      | 519 ||| DROPPING +0 scale mail.
   520 | D:1      | 520 ||| READING 3 scrolls labelled OKAS VENNIOCEOGO.
   521 | D:1      | 521 ||| READING 2 scrolls of identify.
   521 | D:1      | 521 ||| IDENTIFYING puce potion
   522 | D:1      | 522 ||| DROPPING potion of degeneration.
   532 | D:2      | Reached XP level 3. HP: 23/23 MP: 3/3
   536 | D:2      | 536 ||| Stepping ~*~*~tactically~*~*~ (stealth).
   537 | D:2      | 537 ||| Stepping ~*~*~tactically~*~*~ (stealth).
   543 | D:2      | 543 ||| FLEEEEING.
   576 | D:2      | Found a sparkling altar of Nemelex Xobeh.
   876 | D:2      | 876 ||| DROPPING +0 whip.
   917 | D:2      | Reached XP level 4. HP: 28/28 MP: 4/4
   920 | D:2      | Reached skill level 4 in Axes
   920 | D:2      | 920 ||| FLEEEEING.
   921 | D:2      | 921 ||| FLEEEEING.
   922 | D:2      | 922 ||| FLEEEEING.
   923 | D:2      | 923 ||| FLEEEEING.
   924 | D:2      | 924 ||| FLEEEEING.
   925 | D:2      | 925 ||| FLEEEEING.
   926 | D:2      | 926 ||| FLEEEEING.
   927 | D:2      | 927 ||| FLEEEEING.
   928 | D:2      | 928 ||| FLEEEEING.
   929 | D:2      | 929 ||| FLEEEEING.
  1451 | D:2      | 1451 ||| Stepping ~*~*~tactically~*~*~ (stealth).
  1452 | D:2      | 1452 ||| Stepping ~*~*~tactically~*~*~ (stealth).
  1470 | D:2      | 1470 ||| READING scroll labelled COUTYCS TIELEO.
  1470 | D:2      | Identified a scroll of acquirement
  1470 | D:2      | 1470 ||| ACQUIRING +1 morningstar of draining
  1470 | D:2      | Acquired a +1 morningstar of draining
  1472 | D:2      | 1472 ||| READING scroll labelled JEUCAUV XELYV.
  1477 | D:2      | 1477 ||| DRINKING 2 fizzy amethyst potions.
  1478 | D:2      | 1478 ||| READING 2 scrolls of identify.
  1478 | D:2      | 1478 ||| IDENTIFYING bubbling blue potion
  1479 | D:2      | 1479 ||| DROPPING potion of ambrosia.
  1554 | D:3      | Reached XP level 5. HP: 32/32 MP: 5/5
  1596 | D:3      | Reached skill level 5 in Axes
  1751 | D:3      | Noticed Ijyb
  1752 | D:3      | 1752 ||| Stepping ~*~*~tactically~*~*~ (hiding).
  1754 | D:3      | Paralysed by Ijyb for 4 turns
  1767 | D:3      | Paralysed by Ijyb for 5 turns
  1777 | D:3      | Killed Ijyb
  1937 | D:3      | Found an iron altar of Okawaru.
  2042 | D:3      | Reached XP level 6. HP: 28/38 MP: 6/6
  2047 | D:3      | 2047 ||| FLEEEEING.
  2048 | D:3      | 2048 ||| FLEEEEING.
  2049 | D:3      | 2049 ||| FLEEEEING.
  2050 | D:3      | 2050 ||| FLEEEEING.
  2051 | D:3      | 2051 ||| FLEEEEING.
  2052 | D:3      | 2052 ||| FLEEEEING.
  2053 | D:3      | 2053 ||| FLEEEEING.
  2054 | D:3      | 2054 ||| FLEEEEING.
  2055 | D:3      | 2055 ||| FLEEEEING.
  2056 | D:3      | 2056 ||| FLEEEEING.
  2057 | D:3      | 2057 ||| PLANNING OKAWARU WORSHIP
  2057 | D:3      | 2057 ||| FLEEEEING.
  2058 | D:3      | 2058 ||| FLEEEEING.
  2059 | D:3      | 2059 ||| FLEEEEING.
  2062 | D:3      | 2062 ||| FLEEEEING.
  2063 | D:3      | 2063 ||| FLEEEEING.
  2064 | D:3      | 2064 ||| FLEEEEING.
  2065 | D:3      | 2065 ||| STAIRDANCE
  2099 | D:3      | 2099 ||| STAIRDANCE
  2143 | D:2      | 2143 ||| DROPPING +0 flail.
  2168 | D:3      | Became a worshipper of Warmaster Okawaru
  2169 | D:3      | 2169 ||| PLANNING D:1-11
  2260 | D:3      | 2260 ||| Stepping ~*~*~tactically~*~*~ (stealth).
  2316 | D:3      | 2316 ||| DRINKING 2 gluggy clear potions.
  2376 | D:4      | 2376 ||| Stepping ~*~*~tactically~*~*~ (hiding).
  2620 | D:4      | 2620 ||| Stepping ~*~*~tactically~*~*~ (stealth).
  2621 | D:4      | 2621 ||| Stepping ~*~*~tactically~*~*~ (stealth).
  2635 | D:4      | 2635 ||| Stepping ~*~*~tactically~*~*~ (stealth).
  2638 | D:4      | 2638 ||| Stepping ~*~*~tactically~*~*~ (stealth).
  2690 | D:4      | Found Umutoup's Armour Shoppe.
  2693 | D:4      | 2693 ||| BUYING +1 hat (121 gold).
  2693 | D:4      | Bought a +1 hat for 121 gold pieces
  2693 | D:4      | 2693 ||| BUYING +1 helmet (126 gold).
  2693 | D:4      | Bought a +1 helmet for 126 gold pieces
  2693 | D:4      | 2693 ||| SHOPLISTING +2 pair of gloves of infusion (236
                  | gold, have 38).
  2884 | D:4      | Found Vath's Self-Improvement Boutique.
  2941 | D:4      | Noticed a black bear
  2948 | D:4      | Killed a black bear
  2949 | D:4      | Reached skill level 6 in Axes
  2949 | D:4      | Reached XP level 7. HP: 36/43 MP: 7/7
  3379 | D:4      | 3379 ||| UPGRADING to +1 hat.
  3384 | D:4      | 3384 ||| UPGRADING to +1 helmet.
  3394 | D:4      | 3394 ||| DROPPING +1 hat.
  3411 | D:5      | Entered Level 5 of the Dungeon
  3443 | D:5      | 3443 ||| Stepping ~*~*~tactically~*~*~ (hiding).
  3445 | D:5      | 3445 ||| Stepping ~*~*~tactically~*~*~ (hiding).
  3446 | D:5      | 3446 ||| Stepping ~*~*~tactically~*~*~ (hiding).
  3454 | D:5      | Noticed Edmund
  3464 | D:5      | HP: 7/43 [Edmund/+2 heavy flail (13)]
  3465 | D:5      | 3465 ||| READING scroll of teleportation.
  3466 | D:5      | Mangled by Edmund

Levels and vault maps discovered:
D:1:      minmay_arrival_checkered_box, layout_basic
D:2:      layout_basic, basic_altar, nrook_loot_triangle
D:3:      layout_basic, amcnicky_altar_gilded, roderic_batcave, uniq_ijyb
D:4:      layout_loops_corners, tgw_xom, serial_shops, kennysheep_mini,
          glass_columns_b, nicolae_shop_self_help
D:5:      layout_rooms, temple_pool_b, serial_shops, shop, uniq_sigmund,
          uniq_edmund

Skill      XL: |  1  2  3  4  5  6  7 |
---------------+----------------------+-----
Axes           | 2 3 4 5 6 |  6.3
Fighting       | 4 |  4.1
Armour         | 4 |  4.4
Shields        | |  3.2

Action                     |  1- 3 |  4- 6 |  7- 9 || total
---------------------------+-------+-------+-------++-------
  Melee: War axe           |    82 |   175 |    53 ||   310
    Use: Scroll            |     2 |     3 |     1 ||     6
         Potion            |       |     2 |       ||     2
   Stab: Sleeping          |       |     1 |       ||     1
 Armour: Scale mail        |    22 |       |       ||    22
         Plate armour      |    30 |   137 |    37 ||   204
  Dodge: Dodged            |    41 |    43 |    11 ||    95
  Block: Buckler           |    15 |    28 |     7 ||    50

Table legend:
 A = Non-vault XP
 B = Vault XP
 C = Vault XP percentage of total XP
 D = Non-vault monster count
 E = Vault monster count
 F = Vault count percentage of total count
                 A         B        C        D         E       F
            +---------+---------+-------+---------+---------+-------
      Total |     708 |     100 |  12.4 |      82 |      10 |  10.9
            +---------+---------+-------+---------+---------+-------
        D:1 |      33 |       0 |   0.0 |      19 |       0 |   0.0
        D:2 |     128 |       0 |   0.0 |      19 |       0 |   0.0
        D:3 |      74 |     100 |  57.5 |      20 |      10 |  33.3
        D:4 |     311 |       0 |   0.0 |      15 |       0 |   0.0
        D:5 |     162 |       0 |   0.0 |       9 |       0 |   0.0
            +---------+---------+-------+---------+---------+-------
